 Dungeon Crawl Stone Soup version 0.23.0-3-gf3c87f2 (webtiles) character file.

Game seed: 10572538808104194731

13 Scud the Caller (level 2, -2/15 HPs)
             Began as a Tengu Summoner on Feb 23, 2019.
             Slain by an adder (3 damage)
             ... on level 2 of the Dungeon.
             The game lasted 00:02:22 (318 turns).

Scud the Caller (Tengu Summoner)                     Turns: 318, Time: 00:02:22

Health: -2/15      AC:  2    Str:  8    XL:     2   Next: 37%
Magic:  1/6        EV: 12    Int: 15    God:
Gold:   48         SH:  0    Dex: 14    Spells: 2/5 levels left

rFire    . . .     SeeInvis .   (no weapon)
rCold    . . .     Gourm    .   (no shield)
rNeg     . . .     Faith    .   a - +0 robe
rPois    .         Spirit   .   (helmet restricted)
rElec    .         Reflect  .   (no cloak)
rCorr    .         Harm     .   (no gloves)
MR       .....                  (boots unavailable)
Stlth    ++........             (no amulet)
HPRegen  0.05/turn              (no ring)
MPRegen  0.10/turn              (no ring)

@: no status effects
A: beak, talons 3
a: no special abilities


You were on level 2 of the Dungeon.
You were not hungry.

You visited 1 branch of the dungeon, and saw 2 of its levels.

You collected 48 gold pieces.

Inventory:

Armour
 a - a +0 robe (worn)
Scrolls
 e - a scroll of magic mapping {unknown}
Potions
 d - a potion of lignification {unknown}
 f - a potion of resistance {unknown}
Comestibles
 b - 2 chunks of flesh
 c - a ration


   Skills:
 + Level 2.1 Dodging
 + Level 2.0 Stealth
 + Level 0.4 Unarmed Combat
 + Level 2.0 Spellcasting
 + Level 5.4 Summonings


You had 2 spell levels left.
You knew the following spells:

 Your Spells              Type           Power        Failure   Level  Hunger
a - Summon Small Mammal   Summ           ###.         2%          1    #......
b - Call Imp              Summ           ###.....     3%          2    ###....

Your spell library contained the following spells:

 Spells                   Type           Power        Failure   Level  Hunger
 Call Canine Familiar     Summ           ###.....     7%          3    ###....
 Summon Guardian Golem    Hex/Summ       #.......     22%         3    ###....
 Summon Ice Beast         Ice/Summ       #.......     58%         4    #####..
 Summon Lightning Spire   Summ/Air       #.......     58%         4    #####..


Dungeon Overview and Level Annotations

Branches:
Dungeon (1/15)

Altars:


Innate Abilities, Weirdness & Mutations

You have a beak for a mouth.
You have claws for feet.


Message History

A beastly little devil appears in a puff of flame.
The adder bites you.
* * * LOW HITPOINT WARNING * * *
Your crimson imp blinks!
What are your orders? t - Shout!
Orders for allies: a - Attack new target. p - Attack previous target. r - Retreat! s - Stop attacking. g - Guard the area. f - Follow me.
Anything else - Cancel.
Gang up on whom?
Press: ? - help, Dir - move target cursor, f/p - adder
Aim: an adder (lightly wounded) Attack!
The adder bites you.
* * * LOW HITPOINT WARNING * * *
The adder barely misses you.
Your crimson imp misses the adder.
A kobold comes into view.
It is wielding a +1 hand axe of chopping.
The adder bites you.
You die...

# #...........#
#.##...÷.......#
#..............####
####..............[ ..
#.5....####.####
...########.5.....÷...#
............###.#####'###
#...#...).S.....# #....#
. .#.....@..###.# #...##
#...#.....###.# #.5.#
#..#..........# ##.##
.###...#....(..# #5#
.#..#..#........# #†.
#...###.........# #.).
...#...#........# ##...
..#.....#.......# ....
#........#..##.# ....


You could see an adder and 2 friendly crimson imps.

Vanquished Creatures
  2 bats (D:2)
  A goblin (D:2)
  3 rats
6 creatures vanquished.

Vanquished Creatures (collateral kills)
  An adder (D:2)
  2 giant cockroaches (D:2)
  A goblin (D:2)
  2 jackals (D:2)
6 creatures vanquished.

Grand Total: 12 creatures vanquished

Notes
Turn   | Place    | Note
-------+----------+-------------------------------------------
     0 | D:1      | Scud the Tengu Summoner began the quest for the Orb.
     0 | D:1      | Reached XP level 1. HP: 10/10 MP: 4/4
   130 | D:1      | You fall through a shaft!
   153 | D:2      | Reached skill level 5 in Summonings
   252 | D:2      | Reached XP level 2. HP: 12/15 MP: 6/6
   259 | D:2      | Learned a level 2 spell: Call Imp
   318 | D:2      | Slain by an adder

Skill      XL: |  1 |
---------------+----+-----
Summonings     | 5 |  5.4
Dodging        | |  2.1
Stealth        | |  2.0
Unarmed Combat | |  0.4
Spellcasting   | |  2.0

Action                   || total
-------------------------++-------
Melee: Unarmed           ||    22
       Kick              ||     8
 Cast: Summon Small Mamm ||     4
       Call Imp          ||     4
 Stab: Sleeping          ||     2
Armor: Robe              ||    13
Dodge: Dodged            ||    27
